 Dungeon Crawl Stone Soup version 0.31.0-4-g52a2dc7128 (webtiles) character file.

Game seed: 12286326231472626405

422 Arcadio the Ducker (level 7, -3/53 HPs)
             Began as a Djinni Monk on Jan 22, 2024.
             Slain by Blork the orc
             ... wielding a +4 scimitar
              (8 damage)
             ... on level 4 of the Dungeon.
             The game lasted 00:07:55 (3345 turns).

Arcadio the Ducker (Djinni Monk)                    Turns: 3345, Time: 00:07:57

Health: -3/53      AC:  3    Str: 10    XL:     7   Next: 17%
Gold:   154        EV: 14    Int: 13    God:
                   SH:  0    Dex: 16

rFire   + + .        a - +0 falchion
rCold   x . .        d - orb {light}
rNeg    . . .        b - +1 robe
rPois   ∞            (no helmet)
rElec   .            (no cloak)
rCorr   .            (no gloves)
SInv    .            (boots unavailable)
Will    .....        (no amulet)
Stlth   +            (no ring)
HPRegen 0.28/turn    (no ring)
MPRegen 0.00/turn

%: infuse magic (-4 HP)
@: brilliant, flying, glowing
A: sickness immunity, fire resistance 2, cold vulnerability 1, float, innate
caster, HP casting, extra vitality 1
a: no special abilities


You were on level 4 of the Dungeon.
You visited 1 branch of the dungeon, and saw 4 of its levels.
You also visited: Sewer.

You collected 154 gold pieces.

Inventory:

Hand Weapons
 a - a +0 falchion (weapon)
 r - a +1 dagger of holy wrath
Armour
 b - a +1 robe (worn)
 d - an orb of light (worn)
Scrolls
 f - 3 scrolls of enchant armour
 g - a scroll of fog
 h - 2 scrolls of noise {unknown}
 i - a scroll of amnesia {unknown}
 n - a scroll of brand weapon {unknown}
 o - 2 scrolls of enchant weapon {unknown}
 t - a scroll of revelation {unknown}
Potions
 c - a potion of ambrosia
 e - a potion of enlightenment {unknown}
 j - a potion of brilliance
 k - a potion of heal wounds {unknown}
 l - a potion of mutation {unknown}
 m - 6 potions of curing
 p - 2 potions of cancellation {unknown}
 q - 2 potions of might {unknown}
 s - 2 potions of haste {unknown}


   Skills:
 + Level 4.9 Fighting
 - Level 3.7 Long Blades
 + Level 5.4 Dodging
 + Level 1.8 Spellcasting
 + Level 1.8 Conjurations
 + Level 1.8 Hexes
   Level 0.0 Charms
 + Level 1.8 Summonings
 + Level 1.8 Necromancy
 + Level 1.8 Translocations
   Level 0.0 Transmutations
 + Level 1.8 Fire Magic
 + Level 1.8 Ice Magic
 + Level 1.8 Air Magic
 + Level 1.8 Earth Magic
 + Level 1.8 Alchemy


You knew the following spells:

 Your Spells              Type           Power      Damage    Failure   Level
a - Kiss of Death         Conj/Necr      32%        2d7       12%         1
b - Call Imp              Summ           16%        N/A       19%         2
c - Hailstorm             Conj/Ice       8%         3d5       36%         3
Your spell library was empty.

Dungeon Overview and Level Annotations

Branches:
Dungeon (4/15)              Sewer (visited)
 Temple: D:4-7

Altars:
The Shining One

Annotations:
D:4 Blork the orc


Innate Abilities, Weirdness & Mutations

You are immune to sickness and miasma.
You are immune to poison.
Your flesh is very heat resistant. (rF++)
You are vulnerable to cold. (rC-)
You float through the air rather than walking.
You learn spells naturally, not from books.
Your magical power is your life essence.
You have superior vitality. (+4 MHP)


Message History

You hit Blork the orc.
Blork the orc is heavily wounded.
Blork the orc misses you.
Your cerulean imp hits Blork the orc but does no damage.
Blork the orc hits your cerulean imp with a +4 scimitar!
You hit Blork the orc.
Blork the orc is severely wounded.
Your cerulean imp hits Blork the orc but does no damage.
Blork the orc hits your cerulean imp with a +4 scimitar!
Your cerulean imp dies!
Your cerulean imp disappears in a puff of smoke!
Blork the orc shouts!
You hit Blork the orc.
Blork the orc is severely wounded.
Blork the orc barely misses you.
Blork the orc hits you with a +4 scimitar!
Casting: Call Imp (safe; 19% risk of failure)
Confirm with . or Enter, or press ? or * to list all spells.
A tiny devil pulls itself out of the air.
Blork the orc hits you with a +4 scimitar!
* * * LOW HITPOINT WARNING * * *
You swap places.
Blork the orc misses your cerulean imp.
Blork the orc gestures at you while chanting.
The puff of frost hits your cerulean imp!
Your cerulean imp closely misses Blork the orc.
Blork the orc misses your cerulean imp.
Your cerulean imp hits Blork the orc with a -4 spear.
Blork the orc hits your cerulean imp with a +4 scimitar!
Your cerulean imp dies!
Your cerulean imp disappears in a puff of smoke!
You aren't carrying any items that you can evoke.
You feel clever all of a sudden.
Casting: Call Imp (safe; 19% risk of failure)
Confirm with . or Enter, or press ? or * to list all spells.
You feel a surge of power!
A tiny devil pulls itself out of the air.
* * * LOW HITPOINT WARNING * * *
Blork the orc screams, "I'll drink your blood!
Soon!"
Blork the orc hits you with a +4 scimitar!
You die...

##### #...########
#....5.....# ######
#.....o@...# ....
#..........#
####..####..†§......#
...#..#...##§########
...#..#...##.#
#+##......##.#
..........##.#
.....#..............
.....#..............


You could see Blork the orc (fast, ally target) and a friendly cerulean imp
(summoned).

Vanquished Creatures
  2 bullfrogs (Sewer)
  Natasha (thrice) (D:2)
  5 river rats
  6 adders
  A dart slug (D:4)
  7 ribbon worms
  2 bats
  6 endoplasms
  5 giant cockroaches
  9 goblins
  6 hobgoblins
  4 jackals (D:1)
  2 quokkas
  26 ball pythons
  5 frilled lizards
  8 kobolds
  28 rats
125 creatures vanquished.

Vanquished Creatures (collateral kills)
  A frilled lizard (Sewer)
1 creature vanquished.

Grand Total: 126 creatures vanquished

Notes
Turn   | Place    | Note
-------+----------+-------------------------------------------
     0 | D:1      | Arcadio the Djinni Monk began the quest for the Orb.
     0 | D:1      | Reached XP level 1. HP: 20/20 MP: 0/0
   200 | D:1      | Reached XP level 2. HP: 25/25 MP: 0/0
   483 | D:1      | Reached XP level 3. HP: 30/30 MP: 0/0
   483 | D:1      | Learned a level 1 spell: Kiss of Death
  1266 | D:2      | Reached skill level 4 in Dodging
  1266 | D:2      | Reached XP level 4. HP: 26/36 MP: 0/0
  1344 | D:2      | Noticed Natasha
  1364 | D:2      | Killed Natasha
  1384 | D:2      | Noticed Natasha
  1507 | D:2      | Killed Natasha
  1508 | D:2      | Reached XP level 5. HP: 37/41 MP: 0/0
  1508 | D:2      | Learned a level 2 spell: Call Imp
  1577 | D:2      | Noticed Natasha
  1584 | D:2      | Killed Natasha
  1878 | D:3      | Found a glowing drain.
  1887 | Sewer    | Entered a sewer
  1967 | Sewer    | Reached XP level 6. HP: 35/47 MP: 0/0
  2253 | Sewer    | Reached skill level 1 in Spellcasting
  2253 | Sewer    | Reached skill level 1 in Conjurations
  2253 | Sewer    | Reached skill level 1 in Hexes
  2253 | Sewer    | Reached skill level 1 in Summonings
  2253 | Sewer    | Reached skill level 1 in Necromancy
  2253 | Sewer    | Reached skill level 1 in Translocations
  2253 | Sewer    | Reached skill level 1 in Fire Magic
  2253 | Sewer    | Reached skill level 1 in Ice Magic
  2253 | Sewer    | Reached skill level 1 in Air Magic
  2253 | Sewer    | Reached skill level 1 in Earth Magic
  2253 | Sewer    | Reached skill level 1 in Alchemy
  2383 | Sewer    | Reached skill level 5 in Dodging
  2399 | Sewer    | Reached XP level 7. HP: 26/53 MP: 0/0
  2399 | Sewer    | Learned a level 3 spell: Hailstorm
  2973 | D:3      | Found a glowing golden altar of the Shining One.
  3324 | D:4      | Noticed Blork the orc
  3345 | D:4      | Slain by Blork the orc

Illustrated notes

Levels and vault maps discovered:
D:1:      onia_arrival_handbag, layout_loops_corners, roderic_serpentine_path,
          minmay_tetromino_i4
D:2:      layout_rooms, uniq_natasha
D:3:      layout_basic, tso_altar, lightli_sewer_entry_pipes
D:4:      layout_basic, bh_walls_and_bars, uniq_robin, uniq_grinder,
          uniq_blork_the_orc, uniq_eustachio

Skill      XL: |  1  2  3  4  5  6 |
---------------+-------------------+-----
Long Blades    | 3 |  3.7
Dodging        | 4 5 |  5.4
Fighting       | 4 |  4.9
Spellcasting   | 1 |  1.8
Conjurations   | 1 |  1.8
Hexes          | 1 |  1.8
Summonings     | 1 |  1.8
Necromancy     | 1 |  1.8
Translocations | 1 |  1.8
Fire Magic     | 1 |  1.8
Ice Magic      | 1 |  1.8
Air Magic      | 1 |  1.8
Earth Magic    | 1 |  1.8
Alchemy        | 1 |  1.8

Action                     |  1- 3 |  4- 6 |  7- 9 || total
---------------------------+-------+-------+-------++-------
  Melee: Falchion          |   101 |   171 |    62 ||   334
   Cast: Call Imp          |       |     1 |     5 ||     6
         Hailstorm         |       |       |     1 ||     1
    Use: Scroll            |     3 |       |     1 ||     4
         Potion            |       |       |     1 ||     1
 Armour: Robe              |    44 |   119 |    24 ||   187
  Dodge: Dodged            |    82 |   175 |    49 ||   306
